Map: [ESL] Dragon Scales

Players

TeebuL

  • Race: Protoss Protoss

Ryung - Winner!

  • Race: Terran Terran
  • League: Master

Event: IEM Katowice 2023

VOD

Have the link to the VOD?

Description

Time

  • Played on: Feb. 8, 2023, 7:56 a.m.
  • Length: 7:01

All games in this series

Show
View Real Time Build Order
Export as new Build Order

TeebuL Protoss 

Build Orders: 1 Gate Expand, Phoenix Opening 

Get SALT Encoding   

  12  0:00  Probe  
  13  0:12  Probe  
  14  0:18  Pylon  
  14  0:24  Probe (Chrono Boost)  
  15  0:36  Probe (Chrono Boost)  
  15  0:38  Gateway  
  16  0:45  Probe (Chrono Boost)  
  17  0:50  Assimilator  
  17  0:51  Probe  
  18  1:03  Probe  
  19  1:15  Probe  
  20  1:24  Cybernetics Core  
  20  1:34  Nexus  
  20  1:43  Pylon  
  20  1:45  Probe  
  21  1:52  Assimilator  
  21  1:57  Probe (Chrono Boost)  
  21  1:58  Adept (Chrono Boost)  
  24  2:09  Probe (Chrono Boost)  
  25  2:17  Probe (Chrono Boost)  
  25  2:21  Stargate  
  26  2:24  Probe, Adept  
  29  2:36  Probe  
  29  2:40  Warp Gate  
  29  2:47  Probe  
  29  2:48  Probe (Chrono Boost)  
  31  2:54  Adept  
  33  2:59  Probe (Chrono Boost)  
  35  3:06  Probe (Chrono Boost), Phoenix  
  35  3:08  Probe (Chrono Boost)  
  39  3:13  Probe (Chrono Boost)  
  39  3:18  Probe (Chrono Boost)  
  40  3:23  Probe (Chrono Boost)  
  42  3:27  Gateway, Probe (Chrono Boost)  
  42  3:28  Probe (Chrono Boost)  
  42  3:31  Phoenix  
  45  3:37  Probe  
  45  3:38  Twilight Council  
  46  3:42  Pylon  
  46  3:59  Phoenix  
  46  4:00  Probe x2  
  50  4:02  Pylon  
  50  4:12  Probe  
  50  4:13  Nexus  
  50  4:17  Resonating Glaives (Chrono Boost)  
  51  4:25  Gateway  
  51  4:26  Gateway  
  51  4:35  Gateway, Phoenix (Chrono Boost)  
  51  4:56  Adept, Phoenix (Chrono Boost)  
  51  4:57  Adept  
  51  4:58  Probe x2  
  59  5:00  Pylon, Assimilator  
  59  5:01  Pylon  
  59  5:20  Gateway  
  59  5:21  Adept x4  
  67  5:39  Adept  
  69  5:43  Adept x4  
  77  6:00  Adept x3  
  83  6:06  Adept x2  
  87  6:17  Adept x3  
  81  6:37  Adept x5  
  51  6:58  Sentry x3  
Show
View Real Time Build Order
Export as new Build Order

Ryung Terran - Winner!

Build Orders: Reaper Expand 

Get SALT Encoding   

  12  0:00  SCV  
  13  0:12  SCV  
  14  0:16  Supply Depot  
  14  0:24  SCV  
  15  0:38  Barracks, SCV  
  16  0:43  Refinery  
  16  0:50  SCV  
  17  1:02  SCV  
  18  1:14  SCV  
  19  1:25  Reaper  
  19  1:26  Orbital Command  
  20  1:43  Command Center  
  20  1:49  Supply Depot  
  20  1:57  Marine  
  20  1:59  SCV  
  22  2:08  Factory  
  22  2:11  SCV  
  23  2:20  Barracks Reactor  
  23  2:21  Bunker  
  23  2:23  SCV  
  23  2:26  Refinery  
  24  2:35  SCV  
  25  2:47  SCV  
  26  2:54  Starport  
  26  2:55  Orbital Command  
  26  2:57  Marine x2  
  28  2:59  SCV  
  28  3:01  Widow Mine  
  31  3:12  SCV  
  32  3:14  Marine  
  32  3:15  Marine  
  32  3:19  Supply Depot  
  34  3:21  SCV  
  34  3:24  Factory Tech Lab, SCV  
  36  3:31  Viking  
  36  3:33  SCV  
  39  3:36  Marine, SCV  
  39  3:37  Marine  
  42  3:43  Cyclone  
  42  3:47  SCV  
  42  3:48  SCV  
  47  3:53  Supply Depot  
  47  3:58  Marine x2  
  47  3:59  SCV  
  47  4:00  SCV  
  47  4:02  Starport Tech Lab  
  51  4:07  Barracks  
  51  4:11  SCV  
  51  4:12  SCV  
  53  4:20  Raven  
  53  4:23  SCV  
  55  4:24  SCV  
  55  4:27  Marine x2  
  55  4:29  Barracks  
  58  4:32  Supply Depot  
  58  4:34  Engineering Bay  
  58  4:35  SCV  
  58  4:36  SCV  
  59  4:47  Factory Reactor, SCV  
  59  4:49  SCV  
  59  4:52  Refinery  
  61  4:56  Supply Depot  
  61  4:59  SCV  
  62  5:00  Starport Reactor  
  62  5:01  Terran Infantry Weapons Level 1, SCV  
  62  5:02  Stimpack, Supply Depot  
  62  5:05  Marine x3  
  66  5:11  SCV  
  66  5:12  Refinery  
  66  5:13  SCV  
  68  5:20  Supply Depot  
  68  5:23  SCV  
  68  5:25  SCV  
  68  5:27  Combat Shield  
  68  5:28  Marine x2, Marauder x2  
  76  5:36  Supply Depot x2  
  76  5:41  Command Center  
  76  5:43  SCV  
  76  5:44  SCV  
  76  5:48  Medivac  
  76  5:49  Medivac  
  82  5:55  Marauder  
  82  5:56  Marine, Marauder  
  86  5:57  Marine  
  86  6:00  Widow Mine  
  86  6:01  Widow Mine  
  91  6:06  Supply Depot  
  91  6:09  Supply Depot  
  91  6:19  Marine x2, Supply Depot  
  91  6:20  Marauder x2  
  97  6:32  SCV x2  
  91  6:37  Marine x2  

Tags
 
Add a new tag
Caveats
  • Supply blocks, unpowered buildings, or Contaminate may cause inaccurate times.
  • Supply counts are checked every 10 seconds.